3A
SYRACUSE STORM @ MONROEVILLE YINZERS
07/29/2042
 
TOP OF THE 1ST
Syracuse Storm batting - Pitching for Monroeville Yinzers : LHP Robert Erickson
Pitching: LHP Robert Erickson
Batting: LHB Felipe Tovar 0-0: Called Strike
0-1: Called Strike
0-2: Strikes out swinging
Batting: RHB Jacob James 0-0: Ball
1-0: Called Strike
1-1: Ball
2-1: Foul Ball, location: 2F
2-2: Ball
3-2: Fly out, F9 (Flyball, 9LM, EV 98.1 MPH)
Batting: LHB Jorge Leyva 0-0: Called Strike
0-1: Ball
1-1: Foul Ball, location: 2F
1-2: Ball
2-2: Ground out U3 (Groundball, 3, EV 101.9 MPH)
Top of the 1st over - 0 runs, 0 hits, 0 errors, 0 left on base; Syracuse 0 - Monroeville 0
BOTTOM OF THE 1ST
Monroeville Yinzers batting - Pitching for Syracuse Storm : RHP Jun-soo P'il
Pitching: RHP Jun-soo P'il
Batting: SHB Cristo López 0-0: Foul Ball, location: 2F
0-1: Swinging Strike
0-2: Strikes out swinging
Batting: SHB Chong-hun Cho 0-0: Ball
1-0: Ball
2-0: Foul Ball, location: 2F
2-1: Foul Ball, location: 2F
2-2: Ground out U3 (Groundball, 3L, EV 96.9 MPH)
Batting: LHB Gustavo Gonzáles 0-0: Ball
1-0: Ball
2-0: Ball
3-0: Base on Balls
Batting: RHB Félix Pacheco 0-0: Ball
Pickoff Throw to First - Out! 1-3
Bottom of the 1st over - 0 runs, 0 hits, 0 errors, 0 left on base; Syracuse 0 - Monroeville 0
TOP OF THE 2ND
Syracuse Storm batting - Pitching for Monroeville Yinzers : LHP Robert Erickson
Batting: LHB Trevor Smith 0-0: Ball
1-0: Foul Ball, location: 2F
1-1: Foul Ball, location: 2F
1-2: Fly out, F4 (Line Drive, 4, EV 61.9 MPH)
Batting: LHB Gabriel Serrano 0-0: Fly out, F8 (Flyball, 8LM, EV 94.4 MPH)
Batting: LHB Bruce Hampton 0-0: Called Strike
0-1: Foul Ball, location: 2F
0-2: Ground out 1-3 (Groundball, 13, EV 82.5 MPH)
Top of the 2nd over - 0 runs, 0 hits, 0 errors, 0 left on base; Syracuse 0 - Monroeville 0
BOTTOM OF THE 2ND
Monroeville Yinzers batting - Pitching for Syracuse Storm : RHP Jun-soo P'il
Batting: RHB Félix Pacheco 0-0: Called Strike
0-1: Ball
1-1: Ball
2-1: SINGLE (Line Drive, 8RS, EV 106.2 MPH)
Batting: RHB Dave Hall 0-0: Called Strike
0-1: Called Strike
0-2: Ball
1-2: Ball
2-2: Foul Ball, location: 2F
2-2: Grounds into double play, 6-4-3 (Groundball, 6, EV 99.4 MPH)
Batting: SHB John Clay 0-0: Ball
1-0: Called Strike
1-1: Ball
2-1: Called Strike
2-2: Foul Ball, location: 2F
2-2: Strikes out looking
Bottom of the 2nd over - 0 runs, 1 hit, 0 errors, 0 left on base; Syracuse 0 - Monroeville 0
TOP OF THE 3RD
Syracuse Storm batting - Pitching for Monroeville Yinzers : LHP Robert Erickson
Batting: RHB Richard Fowler 0-0: Called Strike
0-1: Ball
1-1: Fly out, F7 (Flyball, 7LS, EV 90.0 MPH)
Batting: LHB Zak Makepeace 0-0: Foul Ball, location: 2F
0-1: Foul Ball, location: 2F
0-2: Strikes out looking
Batting: LHB Kenny Jones 0-0: Foul Ball, location: 2F
0-1: Ball
1-1: Foul Ball, location: 2F
1-2: Foul Ball, location: 2F
1-2: Strikes out looking
Top of the 3rd over - 0 runs, 0 hits, 0 errors, 0 left on base; Syracuse 0 - Monroeville 0
BOTTOM OF THE 3RD
Monroeville Yinzers batting - Pitching for Syracuse Storm : RHP Jun-soo P'il
Batting: RHB Donovan Poe 0-0: Ball
1-0: Ball
2-0: Called Strike
2-1: Ball
3-1: Ground out 5-3 (Groundball, 56S, EV 88.1 MPH)
Batting: RHB Mike Sackett 0-0: Swinging Strike
0-1: Called Strike
0-2: Foul Ball, location: 2F
0-2: Foul Ball, location: 2F
0-2: Ball
1-2: Strikes out swinging
Batting: RHB Christian Bray 0-0: SOLO HOME RUN (Flyball, 78XD, EV 86.9 MPH), Distance : 421 ft
Batting: SHB Cristo López 0-0: Called Strike
0-1: Ball
1-1: SINGLE (Groundball, 34D, EV 105.6 MPH)
Batting: SHB Chong-hun Cho 0-0: Ball
Cristo López steals 2nd base
1-0: Called Strike
1-1: Ball
2-1: Called Strike
2-2: Ball
3-2: Foul Ball, location: 2F
3-2: Strikes out swinging
Bottom of the 3rd over - 1 run, 2 hits, 0 errors, 1 left on base; Syracuse 0 - Monroeville 1
TOP OF THE 4TH
Syracuse Storm batting - Pitching for Monroeville Yinzers : LHP Robert Erickson
Batting: LHB Felipe Tovar 0-0: Called Strike
0-1: Ball
1-1: Ball
2-1: Ball
3-1: Base on Balls
Batting: RHB Jacob James 0-0: DOUBLE (Line Drive, 3D, EV 103.1 MPH)
Felipe Tovar to third
Batting: LHB Jorge Leyva 0-0: Called Strike
0-1: Ball
1-1: Ball
2-1: Fly out, F8 (Flyball, 78M, EV 80.0 MPH)
Batting: LHB Trevor Smith 0-0: Foul Ball, location: 2F
0-1: Ball
1-1: SINGLE (Groundball, 34D, EV 101.9 MPH)
Felipe Tovar scores
Jacob James to third
Runner from 3rd tries for Home, SAFE, throw by RF to home
Batting: LHB Gabriel Serrano 0-0: Foul Ball, location: 2F
0-1: Ball
1-1: Swinging Strike
1-2: Strikes out swinging
Batting: LHB Bruce Hampton 0-0: Ball
Trevor Smith steals 2nd base
1-0: Ball
2-0: Reaches on Catchers interference
Batting: RHB Richard Fowler 0-0: Called Strike
0-1: Ball
1-1: Foul Ball, location: 2F
1-2: Ball
2-2: Strikes out looking
Top of the 4th over - 2 runs, 2 hits, 1 error, 2 left on base; Syracuse 2 - Monroeville 1
BOTTOM OF THE 4TH
Monroeville Yinzers batting - Pitching for Syracuse Storm : RHP Jun-soo P'il
Batting: LHB Gustavo Gonzáles 0-0: Fly out, F8 (Flyball, 8RM, EV 85.6 MPH)
Batting: RHB Félix Pacheco 0-0: Ball
1-0: Foul Ball, location: 2F
1-1: Foul Ball, location: 2F
1-2: Foul Ball, location: 2F
1-2: Foul Ball, location: 2F
1-2: Foul Ball, location: 2F
1-2: Ball
2-2: Foul Ball, location: 2F
2-2: Foul Ball, location: 2F
2-2: Fly out, F6 (Popup, 4MS, EV 63.8 MPH)
Batting: RHB Dave Hall 0-0: Ball
1-0: Called Strike
1-1: Fly out, F7 (Flyball, 7LS, EV 95.0 MPH)
Bottom of the 4th over - 0 runs, 0 hits, 0 errors, 0 left on base; Syracuse 2 - Monroeville 1
TOP OF THE 5TH
Syracuse Storm batting - Pitching for Monroeville Yinzers : LHP Robert Erickson
Batting: LHB Zak Makepeace 0-0: Ball
1-0: Fly out, F8 (Flyball, 8RS, EV 93.8 MPH)
Batting: LHB Kenny Jones 0-0: Ball
1-0: Ball
2-0: Called Strike
2-1: Fly out, F8 (Flyball, 89S, EV 83.8 MPH)
Batting: LHB Felipe Tovar 0-0: Fly out, F9 (Flyball, 89D, EV 85.0 MPH)
Top of the 5th over - 0 runs, 0 hits, 0 errors, 0 left on base; Syracuse 2 - Monroeville 1
BOTTOM OF THE 5TH
Monroeville Yinzers batting - Pitching for Syracuse Storm : RHP Jun-soo P'il
Batting: SHB John Clay 0-0: Ball
1-0: Called Strike
1-1: DOUBLE (Groundball, 3L, EV 93.8 MPH)
Batting: RHB Donovan Poe 0-0: Ball
1-0: Ball
2-0: Called Strike
2-1: Ball
3-1: Foul Ball, location: 3F, Error on foul ball, E3
3-2: Strikes out swinging
Batting: RHB Mike Sackett 0-0: Swinging Strike
0-1: Foul Ball, location: 2F
0-2: Ball
1-2: Strikes out looking
Batting: RHB Christian Bray 0-0: Ball
1-0: Swinging Strike
1-1: Called Strike
1-2: Fly out, F7 (Flyball, 7, EV 82.5 MPH)
Bottom of the 5th over - 0 runs, 1 hit, 1 error, 1 left on base; Syracuse 2 - Monroeville 1
TOP OF THE 6TH
Syracuse Storm batting - Pitching for Monroeville Yinzers : LHP Robert Erickson
Batting: RHB Jacob James 0-0: Ball
1-0: Called Strike
1-1: Ball
2-1: Ball
3-1: Ground out 5-3 (Groundball, 56, EV 97.5 MPH)
Batting: LHB Jorge Leyva 0-0: Called Strike
0-1: Ball
1-1: Ball
2-1: SINGLE (Groundball, 4MD, EV 101.2 MPH)
Batting: LHB Trevor Smith 0-0: Called Strike
0-1: Called Strike
0-2: Ball
Wild Pitch!
Jorge Leyva to second
1-2: Ball
2-2: Foul Ball, location: 2F
2-2: Ground out 5-3 (Groundball, 5, EV 88.1 MPH)
Batting: LHB Gabriel Serrano 0-0: Ball
1-0: SINGLE (Line Drive, 8RS, EV 98.8 MPH)
Jorge Leyva to third
Batting: LHB Bruce Hampton 0-0: Called Strike
0-1: Ball
1-1: Foul Ball, location: 2F
1-2: Ball
2-2: Fly out, F7 (Flyball, 78XD, EV 103.1 MPH)
Top of the 6th over - 0 runs, 2 hits, 0 errors, 2 left on base; Syracuse 2 - Monroeville 1
BOTTOM OF THE 6TH
Monroeville Yinzers batting - Pitching for Syracuse Storm : RHP Jun-soo P'il
Batting: SHB Cristo López 0-0: Ball
1-0: Ball
2-0: Ball
3-0: Called Strike
3-1: Foul Ball, location: 2F
3-2: Base on Balls
Batting: SHB Chong-hun Cho 0-0: Sac Bunt to 25 - play at first, batter OUT! 5-4
Cristo López to second
Batting: LHB Gustavo Gonzáles 0-0: Ball
1-0: Ground out 4-3 (Groundball, 4S, EV 81.9 MPH)
Cristo López to third
Batting: RHB Félix Pacheco 0-0: Called Strike
0-1: Ball
1-1: Fly out, F8 (Flyball, 89S, EV 81.9 MPH)
Bottom of the 6th over - 0 runs, 0 hits, 0 errors, 1 left on base; Syracuse 2 - Monroeville 1
TOP OF THE 7TH
Syracuse Storm batting - Pitching for Monroeville Yinzers : LHP Robert Erickson
Pitching: RHP Carlos Guerrero
Batting: RHB Richard Fowler 0-0: Ball
1-0: Swinging Strike
1-1: Swinging Strike
1-2: Ball
2-2: Strikes out swinging
Batting: LHB Zak Makepeace 0-0: Ground out U3 (Groundball, 34, EV 85.0 MPH)
Batting: LHB Kenny Jones 0-0: Called Strike
0-1: Foul Ball, location: 2F
0-2: Ball
1-2: Ball
2-2: Foul Ball, location: 2F
2-2: Strikes out swinging
Top of the 7th over - 0 runs, 0 hits, 0 errors, 0 left on base; Syracuse 2 - Monroeville 1
BOTTOM OF THE 7TH
Monroeville Yinzers batting - Pitching for Syracuse Storm : RHP Jun-soo P'il
Batting: RHB Dave Hall 0-0: Ball
1-0: Foul Ball, location: 2F
1-1: Called Strike
1-2: Ball
2-2: Ball
3-2: Base on Balls
Batting: SHB John Clay 0-0: Sac Bunt to 2L - play at first, batter OUT! 2-4
Dave Hall to second
Pitching: RHP Kuang-yin Gao
Batting: RHB Donovan Poe 0-0: Called Strike
0-1: Ball
1-1: Swinging Strike
1-2: Fly out, F8 (Line Drive, 8RD, EV 98.8 MPH)
Pinch Hitting: LHB Rashid Jeltkov 0-0: Called Strike
0-1: Called Strike
0-2: Fly out, F7 (Flyball, 7, EV 86.2 MPH)
Bottom of the 7th over - 0 runs, 0 hits, 0 errors, 1 left on base; Syracuse 2 - Monroeville 1
TOP OF THE 8TH
Syracuse Storm batting - Pitching for Monroeville Yinzers : RHP Carlos Guerrero
Now at 1B: Jackson Duffy
Batting: LHB Felipe Tovar 0-0: Ball
1-0: Ball
2-0: Called Strike
2-1: Ground out 6-3 (Groundball, 6, EV 84.4 MPH)
Batting: RHB Jacob James 0-0: Called Strike
0-1: Ball
1-1: Called Strike
1-2: Ball
2-2: Strikes out swinging
Batting: LHB Jorge Leyva 0-0: Ball
1-0: Fly out, F6 (Popup, P, EV 78.1 MPH)
Top of the 8th over - 0 runs, 0 hits, 0 errors, 0 left on base; Syracuse 2 - Monroeville 1
BOTTOM OF THE 8TH
Monroeville Yinzers batting - Pitching for Syracuse Storm : RHP Kuang-yin Gao
Now at 3B: Jung Chong
Batting: RHB Christian Bray 0-0: Ball
1-0: Ball
2-0: Fly out, F9 (Line Drive, 9D, EV 90.6 MPH)
Batting: SHB Cristo López 0-0: Called Strike
0-1: Ball
1-1: Foul Ball, location: 2F
1-2: Foul Ball, location: 2F
1-2: Foul Ball, location: 2F
1-2: Ground out 1-3 (Groundball, 34S, EV 79.4 MPH)
Batting: SHB Chong-hun Cho 0-0: Called Strike
0-1: Foul Ball, location: 2F
0-2: Strikes out swinging
Bottom of the 8th over - 0 runs, 0 hits, 0 errors, 0 left on base; Syracuse 2 - Monroeville 1
TOP OF THE 9TH
Syracuse Storm batting - Pitching for Monroeville Yinzers : RHP Carlos Guerrero
Batting: LHB Trevor Smith 0-0: Ball
1-0: Ball
2-0: Called Strike
2-1: Ground out 6-3 (Groundball, 56D, EV 81.9 MPH)
Batting: LHB Gabriel Serrano 0-0: Ball
1-0: Swinging Strike
1-1: Foul Ball, location: 2F
1-2: Ball
2-2: Ball
3-2: Strikes out swinging
Pitching: RHP Sidd Finch
Batting: LHB Bruce Hampton 0-0: SINGLE (Line Drive, 78S, EV 91.9 MPH)
Batting: RHB Richard Fowler 0-0: Ball
1-0: Fielders Choice at 2nd, 6-4 (Groundball, 6, EV 79.4 MPH)
Top of the 9th over - 0 runs, 1 hit, 0 errors, 1 left on base; Syracuse 2 - Monroeville 1
BOTTOM OF THE 9TH
Monroeville Yinzers batting - Pitching for Syracuse Storm : RHP Kuang-yin Gao
Pitching: RHP Dave Miller
Now at 2B: Bobby Verstraten
Batting: LHB Gustavo Gonzáles 0-0: SINGLE (Groundball, 34D, EV 109.4 MPH)
Batting: RHB Félix Pacheco 0-0: SINGLE (Line Drive, 8RS, EV 110.6 MPH)
Gustavo Gonzáles to second
Batting: RHB Dave Hall 0-0: Called Strike
0-1: Fly out, F9 (Flyball, 9LSF, EV 83.1 MPH)
Batting: SHB John Clay 0-0: Called Strike
0-1: Foul Ball, location: 2F
0-2: Ball
1-2: Fielders Choice at 2nd, 6-4 (Groundball, 6, EV 78.8 MPH)
Gustavo Gonzáles to third
Batting: RHB Donovan Poe 0-0: DOUBLE (Line Drive, 7LM, EV 96.9 MPH)
Gustavo Gonzáles scores
John Clay to third
Pinch Hitting: RHB Rubén Camacho 0-0: Intentional Walk
Pinch Hitting: SHB Jason Pratt 0-0: Called Strike
0-1: Ball
1-1: Fly out, F5 (Popup, 25, EV 83.1 MPH)
Bottom of the 9th over - 1 run, 3 hits, 0 errors, 3 left on base; Syracuse 2 - Monroeville 2
TOP OF THE 10TH
Syracuse Storm batting - Pitching for Monroeville Yinzers : RHP Sidd Finch
Pitching: RHP Jeremy Harness
Now at C: Drake Riley Jr.
Now at 1B: Rubén Camacho
Pinch Hitting: LHB Francisco Romero 0-0: Ground out 4-3 (Groundball, 4S, EV 82.5 MPH)
Batting: LHB Kenny Jones 0-0: Ground out 4-3 (Groundball, 4, EV 99.4 MPH)
Batting: LHB Felipe Tovar 0-0: Fly out, F1 (Line Drive, P, EV 73.1 MPH)
Top of the 10th over - 0 runs, 0 hits, 0 errors, 0 left on base; Syracuse 2 - Monroeville 2
BOTTOM OF THE 10TH
Monroeville Yinzers batting - Pitching for Syracuse Storm : RHP Dave Miller
Pitching: RHP Jonathan Downs
Now at 3B: Takeichi Hashimoto
Batting: SHB Cristo López 0-0: Ball
1-0: Ball
2-0: Foul Ball, location: 2F
2-1: Ball
3-1: Foul Ball, location: 2F
3-2: Base on Balls
Batting: SHB Chong-hun Cho 0-0: Ball
Cristo López is caught stealing 2nd base 2-6
1-0: Ground out U3 (Groundball, 3, EV 84.4 MPH)
Batting: LHB Gustavo Gonzáles 0-0: Ball
1-0: Foul Ball, location: 2F
1-1: Called Strike
1-2: Foul Ball, location: 2F
1-2: Ball
2-2: Strikes out swinging
Bottom of the 10th over - 0 runs, 0 hits, 0 errors, 0 left on base; Syracuse 2 - Monroeville 2
TOP OF THE 11TH
Syracuse Storm batting - Pitching for Monroeville Yinzers : RHP Jeremy Harness
Batting: RHB Jacob James 0-0: SOLO HOME RUN (Line Drive, 7LD, EV 106.9 MPH), Distance : 348 ft
Batting: LHB Jorge Leyva 0-0: Called Strike
0-1: Foul Ball, location: 2F
0-2: Ball
1-2: Fly out, F8 (Flyball, 8RM, EV 88.1 MPH)
Batting: LHB Bobby Verstraten 0-0: Ball
1-0: Called Strike
1-1: Ball
2-1: Called Strike
2-2: Ball
3-2: Foul Ball, location: 2F
3-2: Ground out 4-3 (Groundball, 4, EV 80.0 MPH)
Batting: LHB Gabriel Serrano 0-0: Ball
1-0: SINGLE (Groundball, 4MD, EV 99.4 MPH)
Batting: LHB Bruce Hampton 0-0: Called Strike
0-1: Fly out, F8 (Line Drive, 8RD, EV 93.8 MPH)
Top of the 11th over - 1 run, 2 hits, 0 errors, 1 left on base; Syracuse 3 - Monroeville 2
BOTTOM OF THE 11TH
Monroeville Yinzers batting - Pitching for Syracuse Storm : RHP Jonathan Downs
Batting: RHB Félix Pacheco 0-0: Ball
1-0: Foul Ball, location: 2F
1-1: Ball
2-1: Swinging Strike
2-2: Strikes out swinging
Batting: RHB Dave Hall 0-0: Called Strike
0-1: Ball
1-1: Ball
2-1: Called Strike
2-2: Foul Ball, location: 2F
2-2: Foul Ball, location: 2F
2-2: Foul Ball, location: 2F
2-2: Foul Ball, location: 2F
2-2: Fly out, F8 (Flyball, 8LXD, EV 81.9 MPH)
Batting: SHB John Clay 0-0: Called Strike
0-1: Foul Ball, location: 2F
0-2: Ball
1-2: Foul Ball, location: 2F
1-2: Ball
2-2: Strikes out looking
Bottom of the 11th over - 0 runs, 0 hits, 0 errors, 0 left on base; Syracuse 3 - Monroeville 2
Friday, March 26th, 2021 - OOTP Baseball 20.8 Build 74